 Dungeon Crawl Stone Soup version 0.23.1-37-gaa34b87 (webtiles) character file.

Game seed: 7666759443165414055

49 pjoxt the Skirmisher (level 3, -1/31 HPs)
             Began as a Centaur Abyssal Knight on Mar 24, 2019.
             Was a Follower of Lugonu.
             Slain by a hornet (6 damage)
             ... on level 3 of the Dungeon.
             The game lasted 00:05:15 (2137 turns).

pjoxt the Skirmisher (Centaur Abyssal Knight)       Turns: 2137, Time: 00:05:15

Health: -1/31      AC:  6    Str: 15    XL:     3   Next: 51%
Magic:  4/4        EV:  5    Int: 11    God:    Lugonu [*.....]
Gold:   135        SH:  6    Dex:  8    Spells: 2/2 levels left

rFire    . . .     SeeInvis .   a - +1 spear
rCold    . . .     Gourm    .   p - +0 shield
rNeg     . . .     Faith    .   t - +0 ring mail
rPois    .         Spirit   .   k - +0 helmet
rElec    .         Reflect  .   (no cloak)
rCorr    +         Harm     .   (no gloves)
MR       .....                  (no barding)
Stlth    ..........             (no amulet)
HPRegen  0.10/turn              s - ring of resist corrosion
MPRegen  0.09/turn              (no ring)

@: very quick
A: large, hooves 3, deformed body, speed 2, tough skin 3
a: Depart the Abyss, Renounce Religion


You were on level 3 of the Dungeon.
You worshipped Lugonu.
Lugonu was aware of your devotion.
You were not hungry.

You visited 1 branch of the dungeon, and saw 4 of its levels.
You visited the Abyss 1 time.

You collected 135 gold pieces.

Inventory:

Hand Weapons
 a - a +1 spear (weapon)
Armour
 k - a +0 helmet (worn)
 p - a +0 shield (worn)
 t - a +0 ring mail (worn)
Jewellery
 s - a ring of resist corrosion (left hand)
Wands
 d - a wand of flame (19)
 n - a wand of disintegration (12)
Scrolls
 b - a scroll of remove curse {unknown}
 f - 2 scrolls of teleportation {unknown}
 g - 2 scrolls of enchant armour {unknown}
 h - 3 scrolls of blinking {unknown}
 i - a scroll of fear {unknown}
 m - 2 scrolls of identify {unknown}
 o - a scroll of magic mapping {unknown}
Potions
 e - 2 potions of cancellation {unknown}
 j - a potion of degeneration {unknown}
 l - 2 potions of magic {unknown}
 q - a potion of lignification {unknown}
 r - a potion of heal wounds {unknown}
 u - a potion of mutation {unknown}
Comestibles
 c - 4 rations
 v - 2 chunks of flesh


   Skills:
 + Level 3.3 Fighting
 + Level 2.2 Polearms
 + Level 1.7 Armour
 + Level 1.1 Dodging
 + Level 0.1 Shields
 + Level 2.6 Invocations


You had 2 spell levels left.
You didn't know any spells.
Your spell library was empty.

Dungeon Overview and Level Annotations

Branches:
Dungeon (4/15)
 Temple: D:4-7

Altars:
Wu Jian


Innate Abilities, Weirdness & Mutations

You have hooves in place of feet.
Armour fits poorly on your strangely shaped body.
You cover ground very quickly.
You have extremely tough skin. (AC +3)


Message History

* * * LOW HITPOINT WARNING * * *
You feel yourself slow down. You block the hornet's attack.
The hornet barely misses you.
The hornet stings you but does no damage.
You climb upwards.
You feel yourself speed up.
There is a stone staircase leading down here.
Unknown command.
Some of the chunks of flesh in your inventory have rotted away.
The hornet completely misses you.
Press: ? - help, v - describe, . - travel
Here: a hornet (moderately wounded)
The floor.
Evoke which item? (* to show all) (? for menu, Esc to quit)
Aiming: Disintegrate
Press: ? - help, Shift-Dir - straight line, f - hornet
Aim: a hornet (moderately wounded, chance to defeat MR: 56%)
The hornet resists with significant effort.
The hornet stings you.
You die...

.##....#....# #............#....
.##....#....# #>#..........#####
.##....#....# #.#.#######.######
.##....#....# #.#...............
.##....#....# #.#)#######.#####.
.##....#....# #.#.#.............
.##....##.######.#.#.......#.....
.#.....##.#.....y#.######...รท####
.#.....##.#.....@#.#.............
##.....##.#......#.#.####.##.....
#.....##........................
#.....................##.#....##
##....###########..<.............
.......)..# #...........#....##
..........# #...........#....#
..........# ####.#.#....#....#
..........###### #.#.#.##.#....#


You could see a hornet.

Vanquished Creatures
  An adder (D:3)
  An ooze (D:3)
  A worm (D:3)
  2 dart slugs (D:1)
  A ball python (D:3)
  A giant cockroach (D:2)
  3 hobgoblins
  7 bats
  4 frilled lizards
  4 goblins
  3 kobolds
  6 rats
34 creatures vanquished.

Notes
Turn   | Place    | Note
-------+----------+-------------------------------------------
     0 | Abyss:1  | pjoxt the Centaur Abyssal Knight began the quest for the
                  | Orb.
     0 | Abyss:1  | Reached XP level 1. HP: 19/19 MP: 2/2
    56 | Abyss:1  | Noticed a red draconian knight
   127 | Abyss:2  | Noticed a green draconian
   132 | Abyss:2  | Noticed a small abomination
   136 | Abyss:2  | Noticed a raiju
   147 | D:1      | Escaped the Abyss
   501 | D:1      | Reached * piety under Lugonu
   656 | D:1      | Reached XP level 2. HP: 15/26 MP: 3/3
  1194 | D:2      | You fall through a shaft!
  1208 | D:3      | Reached skill level 1 in Dodging
  1327 | D:3      | Reached XP level 3. HP: 31/31 MP: 4/4
  1445 | D:3      | Found an ornate altar of the Wu Jian Council.
  2123 | D:4      | Noticed a hornet
  2137 | D:3      | Slain by a hornet

Skill      XL: |  1  2 |
---------------+-------+-----
Polearms       | 2 |  2.2
Dodging        | 1 |  1.1
Fighting       | |  3.3
Armour         | |  1.7
Shields        | |  0.1
Invocations    | |  2.6

Action                   || total
-------------------------++-------
Melee: Spear             ||   109
       Kick              ||    13
Invok: Depart the Abyss  ||     1
Evoke: Wand              ||     1
  Eat: Chunk             ||     2
Armor: Leather armour    ||    23
       Ring mail         ||     7
Dodge: Dodged            ||    28
Block: Shield            ||    13
